 Dungeon Crawl Stone Soup version 0.28.0-43-g3370ac3207 (webtiles) character file.

Game seed: 1705316466298813388

5095 Zeld the Thaumaturge (level 10, -2/52 HPs)
             Began as a Deep Elf Fire Elementalist on Mar 8, 2022.
             Was a Follower of Vehumet.
             Slain by a kobold
             ... wielding a +0 whip
             ... summoned by an orange crystal statue
              (6 damage)
             ... on level 9 of the Dungeon.
             The game lasted 00:14:43 (11831 turns).

Zeld the Thaumaturge (Deep Elf Fire Elementalist)  Turns: 11831, Time: 00:14:43

Health: -2/52      AC:  5    Str:  5    XL:     10   Next: 32%
Magic:  7/27       EV: 10    Int: 25    God:    Vehumet [*.....]
Gold:   136        SH:  0    Dex: 15    Spells: 24/31 levels left

rFire   + . .      SeeInvis +   a - staff of fire
rCold   . . .      Faith    .   (no shield)
rNeg    . . .      Spirit   .   B - +0 ring mail "Moatz" {Harm +Inv rPois}
rPois   +          Reflect  .   (no helmet)
rElec   .          Harm     +   x - +1 cloak
rCorr   .          Rampage  .   A - +0 pair of gloves
Will    +....                   m - +0 pair of boots
Stlth   +.........              (no amulet)
HPRegen 0.17/turn               F - ring of see invisible
MPRegen 0.20/turn               (no ring)

@: confused, corroded
A: no striking features
a: Renounce Religion, Evoke Invisibility


You were on level 9 of the Dungeon.
You worshipped Vehumet.
Vehumet was aware of your devotion.
You visited 2 branches of the dungeon, and saw 10 of its levels.

You collected 442 gold pieces.
You spent 306 gold pieces at shops.

Inventory:

Hand Weapons
 b - a +4 long sword of freezing
Armour
 m - a +0 pair of boots (worn)
 x - a +1 cloak (worn)
 A - a +0 pair of gloves (worn)
 B - the +0 ring mail "Moatz" (worn) {Harm +Inv rPois}
   (You found it on level 6 of the Dungeon)

   rPois:     It protects you from poison.
   +Inv:      It lets you turn invisible.
   Harm:      It increases damage dealt and taken.
Magical Staves
 a - a staff of fire (weapon)
Jewellery
 F - a ring of see invisible (left hand)
Wands
 o - a wand of iceblast (6)
 r - a wand of acid (20)
 y - a wand of flame (24)
Scrolls
 c - 2 scrolls of holy word {unknown}
 e - a scroll of fear {unknown}
 g - a scroll of brand weapon {unknown}
 h - 2 scrolls of teleportation {unknown}
 i - a scroll of magic mapping {unknown}
 j - 6 scrolls of enchant weapon
 k - 2 scrolls of blinking {unknown}
 p - a scroll of immolation {unknown}
 q - 6 scrolls of identify
 s - a scroll of amnesia
 u - a scroll of fog {unknown}
 z - 3 scrolls of enchant armour {unknown}
 G - a scroll of noise {unknown}
Potions
 d - 2 potions of lignification {unknown}
 f - 5 potions of curing {unknown}
 l - 2 potions of might {unknown}
 n - a potion of mutation {unknown}
 t - a potion of degeneration {unknown}
 v - a potion of cancellation {unknown}
 w - a potion of heal wounds {unknown}
 C - a potion of attraction {unknown}
 D - a potion of flight {unknown}


   Skills:
 + Level 1.2 Fighting
 - Level 4.8(5.1) Short Blades
 * Level 2.2(3.6) Long Blades
 - Level 4.0 Dodging
 - Level 6.0 Stealth
 * Level 11.2 Spellcasting
 + Level 6.4 Conjurations
 * Level 9.8 Fire Magic


You had 24 spell levels left.
You knew the following spells:

 Your Spells              Type           Power      Damage    Failure   Level
a - Foxfire               Conj/Fire      100%       2x1d9     1%          1
b - Scorch                Fire           100%       2d10      1%          2
c - Flame Wave            Conj/Fire      69%        2d13      8%          4

Your spell library contained the following spells:

 Spells                   Type           Power      Damage    Failure   Level
 Sandblast                Erth           28%        2d8       22%         1
 Magic Dart               Conj           100%       1d8       1%          1
 Conjure Flame            Conj/Fire      69%        6-21      2%          3
 Shock                    Conj/Air       100%       1d9       5%          1
 Inner Flame              Hex/Fire       55%        N/A       9%          3
 Slow                     Hex            56%        N/A       22%         1
 Mephitic Cloud           Conj/Pois/Air  24%        N/A       26%         3
 Call Imp                 Summ           14%        N/A       32%         2
 Ensorcelled Hibernation  Hex/Ice        28%        N/A       32%         2
 Confusing Touch          Hex            14%        N/A       54%         3
 Gell's Gravitas          Tloc           14%        N/A       54%         3
 Lesser Beckoning         Tloc           14%        N/A       54%         3
 Ozocubu's Armour         Ice            14%        N/A       54%         3
 Portal Projectile        Hex/Tloc       28%        N/A       54%         3
 Spider Form              Tmut/Pois      14%        N/A       54%         3
 Swiftness                Air            14%        N/A       54%         3
 Teleport Other           Tloc           14%        N/A       54%         3
 Vampiric Draining        Necr           14%        2d7       54%         3
 Airstrike                Air            7%         N/A       91%         4
 Anguish                  Hex/Necr       7%         N/A       91%         4
 Blade Hands              Tmut           7%         N/A       99%         5
 Excruciating Wounds      Necr           7%         N/A       99%         5
 Ozocubu's Refrigeration  Ice            7%         4d6       100%        7


Dungeon Overview and Level Annotations

Branches:
Dungeon (9/15)             Temple (1/1) D:7            Lair (0/6) D:8
    Orc: D:9-12

Altars:
Ashenzari
Cheibriados
Dithmenos
Elyvilon
Fedhas
Gozag
Hepliaklqana
Kikubaaqudgha
Makhleb
Nemelex Xobeh
Okawaru
Qazlal
Ru
Sif Muna
Trog
Uskayaw
Vehumet
Wu Jian
Xom
Yredelemnul
Zin

Shops:
D:3 =   D:5 ?

Annotations:
D:9 1 runed translucent door, exclusion: orange crystal statue


Message History

Found 7 gold pieces.
The kobold shouts!
The acid dragon spits acid at you. The splash of acid hits you!!
Ouch! That really hurt!
The acid corrodes you!
The orange crystal statue fixes its piercing gaze on you.
You feel your power leaking away. The kobold hits you with a +0 dagger.
* * * LOW HITPOINT WARNING * * *
You hear an angry buzzing noise.
You hear an angry buzzing noise.
The kobold throws a stone.
The stone hits you but does no damage.
The orange crystal statue glitters.
You are confused.
You hear an angry buzzing noise. x2
The killer bee buzzes angrily. x2
The kobold barely misses you.
Unknown command.
You hit the kobold but do no damage. The kobold hits you with a +0 whip.
* * * LOW HITPOINT WARNING * * *
The kobold hits you with a +0 dagger.
* * * LOW HITPOINT WARNING * * *
The kobold closely misses you. The kobold hits you but does no damage.
The kobold barely misses you.
Unknown command.
You barely miss the kobold. The kobold hits you with a +0 dagger.
* * * LOW HITPOINT WARNING * * *
The kobold hits you but does no damage.
The orange crystal statue fixes its piercing gaze on you.
You feel your power leaking away.
The kobold hits you with a +0 short sword.
* * * LOW HITPOINT WARNING * * *
The kobold hits you with a +0 whip.
* * * LOW HITPOINT WARNING * * *
The acid dragon bites you but does no damage.
The acid dragon claws you but does no damage.
The kobold brigand hits you but does no damage.
You hit the kobold but do no damage. The kobold hits you with a +0 whip.
You die...

.## .. +#
###.### #
#KK...#
#.##.##@KK..##$
#.+..+DKK8!..+.
#.##.##K.K..##.
# #.....#
###.### +# ..
.##


You could see an orange crystal statue, an acid dragon (summoned), a kobold
brigand (summoned) and 7 kobolds.

Vanquished Creatures
  Pikel (D:8)
  A gargoyle (D:8)
  5 yaks (D:9)
  Edmund (D:6)
  2 water moccasins
  An orc warrior (D:6)
  4 sky beasts
  A centaur (D:8)
  4 lemures (D:8)
  5 kobold brigands
  2 gnoll sergeants (D:5)
  4 bullfrogs
  A scorpion (D:5)
  A wyvern skeleton (D:6)
  A water moccasin skeleton (D:4)
  3 killer bees (D:8)
  14 wights
  6 jellies
  A centaur zombie (D:7)
  6 orc priests
  2 bullfrog skeletons
  A scorpion zombie (D:5)
  Jessica (D:3)
  3 iguanas
  10 orc wizards
  A killer bee zombie (D:4)
  A mummy (D:6)
  A howler monkey zombie (D:5)
  10 gnolls
  2 adders
  2 shadow imps (D:7)
  A white imp (D:6)
  A worm (D:2)
  2 dart slugs
  27 orcs
  8 endoplasms
  2 giant cockroaches
  10 goblins
  6 hobgoblins
  3 jackals (D:3)
  5 quokkas
  5 ball pythons
  8 bats
  6 frilled lizards
  19 kobolds
  4 orc zombies (D:6)
  9 rats
214 creatures vanquished.

Vanquished Creatures (collateral kills)
  4 foxfires
4 creatures vanquished.

Vanquished Creatures (others)
  799 foxfires
799 creatures vanquished.

Grand Total: 1017 creatures vanquished

Notes
Turn   | Place    | Note
-------+----------+-------------------------------------------
     0 | D:1      | Zeld the Deep Elf Fire Elementalist began the quest for the
                  | Orb.
     0 | D:1      | Reached XP level 1. HP: 10/10 MP: 6/6
   377 | D:1      | Reached XP level 2. HP: 15/15 MP: 0/8
   446 | D:1      | Found a faded altar of an unknown god.
  1096 | D:1      | Reached XP level 3. HP: 19/19 MP: 5/10
  1104 | D:1      | Learned a level 2 spell: Scorch
  2770 | D:3      | Found an iron altar of Okawaru.
  2909 | D:3      | Reached skill level 4 in Spellcasting
  2909 | D:3      | Reached XP level 4. HP: 24/24 MP: 4/12
  3080 | D:3      | Noticed Jessica
  3084 | D:3      | Killed Jessica
  3085 | D:3      | Reached XP level 5. HP: 28/28 MP: 8/13
  3339 | D:3      | Found Niyzad's Jewellery Emporium.
  4121 | D:4      | Reached skill level 5 in Spellcasting
  4121 | D:4      | Reached skill level 5 in Fire Magic
  4121 | D:4      | Reached XP level 6. HP: 23/32 MP: 2/15
  4126 | D:4      | Learned a level 4 spell: Flame Wave
  4928 | D:5      | Entered Level 5 of the Dungeon
  4947 | D:5      | Found Nuelink's Magic Scroll Boutique.
  4990 | D:5      | Bought a scroll of enchant weapon for 82 gold pieces
  4990 | D:5      | Bought a scroll of enchant weapon for 82 gold pieces
  4990 | D:5      | Bought a scroll of identify for 22 gold pieces
  4990 | D:5      | Bought a scroll of amnesia for 38 gold pieces
  5043 | D:5      | Found a snail-covered altar of Cheibriados.
  5062 | D:5      | Reached XP level 7. HP: 36/36 MP: 11/17
  5164 | D:5      | Found a glowing silver altar of Zin.
  5280 | D:5      | Reached skill level 1 in Short Blades
  5285 | D:5      | Reached skill level 6 in Spellcasting
  5794 | D:5      | Reached skill level 5 in Stealth
  5957 | D:5      | Reached skill level 7 in Spellcasting
  5957 | D:5      | Reached XP level 8. HP: 25/41 MP: 3/20
  6358 | D:6      | Noticed Edmund
  6365 | D:6      | Killed Edmund
  6779 | D:6      | Reached skill level 8 in Spellcasting
  7540 | D:6      | Identified the +0 ring mail "Moatz" {Harm +Inv rPois}
  7819 | D:5      | Bought a scroll of enchant weapon for 82 gold pieces
  8145 | D:6      | Reached XP level 9. HP: 25/45 MP: 12/23
  8529 | D:6      | Reached skill level 5 in Conjurations
  8617 | D:7      | Reached skill level 9 in Spellcasting
  9107 | D:7      | Found a broken altar of Ashenzari.
  9229 | D:7      | Found a staircase to the Ecumenical Temple.
  9239 | Temple   | Entered the Ecumenical Temple
  9310 | Temple   | Became a worshipper of Vehumet
  9472 | D:7      | Found an ancient bone altar of Kikubaaqudgha.
  9560 | D:7      | Found a burning altar of Makhleb.
  9567 | D:7      | Found an opulent altar of Gozag.
 10005 | D:8      | Noticed a gargoyle
 10008 | D:8      | Killed a gargoyle
 10009 | D:8      | Reached skill level 10 in Spellcasting
 10697 | D:8      | Reached * piety under Vehumet
 10697 | D:8      | Offered knowledge of Sandblast by Vehumet.
 10799 | D:8      | Noticed Pikel
 11042 | D:8      | Found a staircase to the Lair.
 11053 | D:8      | Killed Pikel
 11054 | D:8      | Reached skill level 1 in Long Blades
 11054 | D:8      | Reached XP level 10. HP: 31/51 MP: 6/26
 11540 | D:9      | Reached skill level 11 in Spellcasting
 11543 | D:9      | Reached skill level 1 in Fighting
 11823 | D:9      | Found a runed translucent door.
 11823 | D:9      | Noticed an orange crystal statue
 11831 | D:9      | Slain by a kobold

Illustrated notes

Levels and vault maps discovered:
D:1:      lemuel_arrival_broad_hall, layout_loops_ring,
          hellmonk_ecumenical_altar_run_dry, serial_bayou_ford_a
D:2:      layout_rooms, kennysheep_decorative_pillar
D:3:      layout_basic, okawaru_ov_weapons_minmay, serial_shops,
          nicolae_shop_waterfront, uniq_jessica
D:4:      layout_cave_pools
D:5:      layout_cave_pools, kennysheep_slug_shrine,
          mainiacjoe_overflow_catwalk, serial_shops, nicolae_shop_trees
D:6:      layout_gridville, minmay_mini_ossuary, uniq_edmund
D:7:      layout_loops_ring, ashenzari_altar_1, kiku_gazebo_garden_becter,
          mainiacjoe_overflow_big_doors, minmay_temple_entry_junction,
          nicolae_zen_rock_garden
D:8:      layout_basic, lair_entry_dummy, hangedman_abyss_or_decor_clamps,
          uniq_pikel
D:9:      layout_gridville, minmay_statue_crystal_thing
Temple:   jpeg_temple_clearing

Skill      XL: |  1  2  3  4  5  6  7  8  9 10 |
---------------+-------------------------------+-----
Fire Magic     | 4 5 6 7 9 |  9.8
Dodging        | 3 4 |  4.0
Stealth        | 3 4 5 6 |  6.0
Spellcasting   | 4 5 7 8 10 11 | 11.2
Conjurations   | 2 3 4 6 |  6.4
Short Blades   | 2 3 4 |  4.8
Long Blades    | 1 2 |  2.2
Fighting       | 1 |  1.2

Action                   |  1- 3 |  4- 6 |  7- 9 | 10-12 || total
-------------------------+-------+-------+-------+-------++-------
Melee: Unarmed           |     3 |       |       |       ||     3
       Staff             |       |     6 |     7 |     3 ||    16
 Cast: Foxfire           |   190 |   128 |   174 |     6 ||   498
       Scorch            |       |     1 |   131 |    12 ||   144
       Flame Wave        |       |       |       |     2 ||     2
Armor: Robe              |     3 |       |    10 |       ||    13
       Ring mail         |       |       |    49 |     9 ||    58
Dodge: Dodged            |     9 |    10 |    55 |     8 ||    82
